 Dungeon Crawl Stone Soup version 0.31-a0-161-gb58dd9be76 (webtiles) character file.

Game seed: 8500909563762795045

91 Serulin the Trooper (level 4, 25/29 HPs)
             Began as a Gargoyle Fighter on June 13, 2023.
             Was a Follower of Fedhas.
             Quit the game on level 3 of the Dungeon.
             The game lasted 00:03:21 (1608 turns).

Serulin the Trooper (Gargoyle Fighter)              Turns: 1608, Time: 00:03:22

Health: 25/29      AC: 10    Str: 22    XL:     4   Next: 57%
Magic:  4/4        EV:  9    Int:  8    God:    Fedhas [*.....]
Gold:   131        SH:  4    Dex:  9    Spells: 3/3 levels left

rFire   . . .        a - +0 flail
rCold   . . .        c - +0 buckler
rNeg    + . .        b - +0 scale mail
rPois   ∞            (no helmet)
rElec   +            (no cloak)
rCorr   .            (no gloves)
SInv    .            (no boots)
Will    .....        (no amulet) Stlth
                     (no ring)
HPRegen 0.24/turn    (no ring)
MPRegen 0.09/turn

%: no passive effects
@: no status effects
A: sickness immunity, AC +3, negative energy resistance 1, electricity
resistance, torment resistance 1, petrification resistance
a: Renounce Religion


You were on level 3 of the Dungeon.
You worshipped Fedhas.
Fedhas was aware of your devotion.
You visited 1 branch of the dungeon, and saw 3 of its levels.

You collected 131 gold pieces.

Inventory:

Hand Weapons
 a - a +0 flail (weapon)
Armour
 b - a +0 scale mail (worn)
 c - a +0 buckler (worn)
Scrolls
 h - 2 scrolls of fog {unknown}
 j - a scroll of amnesia {unknown}
 k - a scroll of enchant weapon
Potions
 d - a potion of might
 f - a potion of haste {unknown}
 i - 2 potions of heal wounds
 l - a potion of berserk rage {unknown}


   Skills:
 + Level 4.0 Fighting
 + Level 2.8 Maces & Flails
 + Level 4.0 Armour
 + Level 4.0 Shields


You had 3 spell levels left.
You didn't know any spells.
Your spell library was empty.

Dungeon Overview and Level Annotations

Branches:
Dungeon (3/15)

Altars:
Fedhas


Innate Abilities, Weirdness & Mutations

You are immune to sickness and miasma.
Your stone body is resilient. (AC +3)
You are immune to poison.
You resist negative energy. (rN+)
You are resistant to electric shocks. (rElec)
You are resistant to unholy torment.
You are immune to petrification.


Message History

Done exploring.
As you read the scroll labelled FIZYISHR WUGY, it crumbles to dust.
It is a scroll of identify.
i - 2 potions of heal wounds
As you read the scroll of identify, it crumbles to dust.
e - a potion of degeneration
As you read the scroll of identify, it crumbles to dust.
k - a scroll of enchant weapon You drop a potion of degeneration.
(D) Dungeon
Where to? (Enter - D:2, ? - help)
You see here 4 stones.
There is a stone staircase leading down here.
You climb downwards.
There is a stone staircase leading up here.
You now have 131 gold pieces (gained 10).
Found 8 stones.
Found a faded altar of an unknown god.
h - 2 scrolls labelled ALEIPP WUEXKIA (gained 1)
You see here 8 stones.
An endoplasm comes into view.
The endoplasm quivers.
Found 10 gold pieces.
There is a faded altar of an unknown god here.
The endoplasm freezes you.
You are frozen.
You completely miss the endoplasm.
The endoplasm hits you but does no damage.
You hit the endoplasm but do no damage. The endoplasm freezes you.
You are frozen.
You sock the endoplasm!
You kill the endoplasm!
No target in view!
There is a faded altar of an unknown god here.
This altar belongs to (a) Gozag, (b) Lugonu or (c) Fedhas, but you can't tell which.
Press the corresponding letter to learn more about a god, or press enter to convert or escape to cancel.
Fedhas accepts your prayer! Fedhas welcomes you!
The plants of the dungeon cease their hostilities.
Are you sure you want to abandon this character and quit the game? (Confirm with "yes".)

#...######.###..#
#...##............
#...#..#......#...
#...#..#(.....# $.
#...#..#......#...
#####..?..........
##............
#.#...#..#..
#.#.@.#..#..
#.#...# .#
#....... .
#...###... #####
####


There were no monsters in sight!

Vanquished Creatures
  Jessica (D:2)
  2 adders (D:2)
  A dart slug (D:2)
  5 bats
  3 endoplasms
  4 goblins (D:1)
  2 hobgoblins
  9 quokkas
  4 ball pythons
  2 frilled lizards
  5 kobolds
  6 rats
44 creatures vanquished.

Notes
Turn   | Place    | Note
-------+----------+-------------------------------------------
     0 | D:1      | Serulin the Gargoyle Fighter began the quest for the Orb.
     0 | D:1      | Reached XP level 1. HP: 14/14 MP: 1/1
   152 | D:1      | Reached XP level 2. HP: 17/19 MP: 2/2
   474 | D:1      | Reached XP level 3. HP: 12/23 MP: 3/3
  1172 | D:2      | Reached XP level 4. HP: 28/29 MP: 4/4
  1211 | D:2      | Noticed Jessica
  1222 | D:2      | Killed Jessica
  1590 | D:3      | Found a faded altar of an unknown god.
  1607 | D:3      | Prayed at the altar of an unknown god.
  1607 | D:3      | Became a worshipper of Fedhas Madash
  1607 | D:3      | Reached * piety under Fedhas
  1608 | D:3      | Quit the game

Illustrated notes

Levels and vault maps discovered:
D:1:      co_arrival_square_in_a_square_in_a_square, layout_basic
D:2:      layout_loops_ring, uniq_jessica
D:3:      layout_basic, hellmonk_ecumenical_altar_lost_god

Skill      XL: |  1  2  3  4 |
---------------+-------------+-----
Fighting       | 4 |  4.0
Armour         | 4 |  4.0
Shields        | 4 |  4.0
Maces & Flails | |  2.8

Action                     |  1- 3 |  4- 6 || total
---------------------------+-------+-------++-------
  Melee: Flail             |   129 |    21 ||   150
    Use: Scroll            |       |     3 ||     3
 Armour: Scale mail        |   103 |    12 ||   115
  Dodge: Dodged            |    94 |     6 ||   100
  Block: Buckler           |    41 |     3 ||    44

Table legend: (Time is in decaauts)
 A = Elapsed time spent in this place.
 B = Non-inter-level travel time spent in this place.
 C = Inter-level travel time spent in this place.
 D = Time resting spent in this place.
 E = Time spent auto-exploring this place.
 F = Levels seen in this place.
 G = Mean time per level.
                   A        B        C        D        E       F      G
               +--------+--------+--------+--------+--------+-----+--------+
         Total |   1654 |   1612 |     42 |      0 |   1258 |   3 |  551.3 |
       Dungeon |   1654 |   1612 |     42 |      0 |   1258 |   3 |  551.3 |
               +--------+--------+--------+--------+--------+-----+--------+

Top non-repeatable levels by time:
     D:1: 885 daAuts
     D:2: 699 daAuts
     D:3: 69 daAuts
